 Dungeon Crawl Stone Soup version 0.28.0-45-g0d030f2227 (webtiles) character file.

Game seed: 4233269615308995171

2646 issech the Basher (level 9, -4/85 HPs)
             Began as a Troll Monk on Apr 18, 2022.
             Slain by a killer bee (6 damage)
             ... in the Ecumenical Temple.
             The game lasted 00:21:11 (5840 turns).

issech the Basher (Troll Monk)                      Turns: 5840, Time: 00:21:13

Health: -4/85      AC: 12    Str: 21    XL:     9   Next: 35%
Magic:  8/8        EV: 12    Int:  6    God:
Gold:   297        SH:  5    Dex: 16    Spells: 8/8 levels left

rFire   . . .      SeeInvis .   u - +2 morningstar (protect)
rCold   . . .      Faith    .   D - orb {light}
rNeg    . . .      Spirit   .   b - +0 robe
rPois   .          Reflect  +   (helmet restricted)
rElec   .          Harm     .   e - +0 cloak
rCorr   .          Rampage  .   (gloves unavailable)
Will    +....                   (boots unavailable)
Stlth   +.........              G - amulet of reflection
HPRegen 1.04/turn               x - ring of willpower
MPRegen 0.11/turn               t - +4 ring of slaying

@: lethally poisoned (-4 -> -5), about to teleport, under a protective aura,
glowing
A: large, unfitting armour, claws 3, regeneration 1, shaggy fur 1, tough skin 1
a: no special abilities


You were in the Ecumenical Temple.
You visited 2 branches of the dungeon, and saw 8 of its levels.

You collected 297 gold pieces.

Inventory:

Hand Weapons
 u - a +2 morningstar of protection (weapon)
 y - a +0 giant spiked club
Missiles
 c - 155 stones
 f - 6 poisoned darts
 o - 62 arrows
 z - 4 large rocks (quivered)
Armour
 b - a +0 robe (worn)
 e - a +0 cloak (worn)
 D - an orb of light (worn)
Magical Staves
 v - a staff of cold
Jewellery
 h - a ring of see invisible
 t - a +4 ring of slaying (right claw)
 x - a ring of willpower (left claw)
 G - an amulet of reflection (around neck)
Scrolls
 d - 2 scrolls of magic mapping
 l - a scroll of silence {unknown}
 n - 4 scrolls of teleportation
 p - 2 scrolls of brand weapon {unknown}
 q - a scroll of enchant armour {unknown}
 r - 5 scrolls of identify {unknown}
 s - 3 scrolls of acquirement {unknown}
 A - a scroll of amnesia {unknown}
 B - a scroll of noise {unknown}
 F - a scroll of fog {unknown}
 I - a scroll of enchant weapon {unknown}
 K - a scroll of immolation {unknown}
 M - a scroll of fear {unknown}
Potions
 a - 2 potions of attraction {unknown}
 g - 4 potions of curing {unknown}
 i - a potion of brilliance {unknown}
 j - a potion of berserk rage {unknown}
 k - 2 potions of might {unknown}
 m - a potion of resistance {unknown}
 w - 2 potions of mutation {unknown}
 C - 2 potions of magic {unknown}
 E - a potion of cancellation {unknown}
 H - 2 potions of degeneration {unknown}
 J - a potion of heal wounds {unknown}
 L - a potion of ambrosia {unknown}


   Skills:
 + Level 4.7 Fighting
 + Level 9.4 Maces & Flails
 + Level 1.1 Throwing
 + Level 5.2 Dodging
 + Level 2.3 Stealth
 + Level 0.3 Shields


You had 8 spell levels left.
You didn't know any spells.
Your spell library contained the following spells:

 Spells                   Type           Power      Damage    Failure   Level
 Ensorcelled Hibernation  Hex/Ice        0%         N/A       58%         2
 Passwall                 Tmut/Erth      0%         N/A       58%         2
 Swiftness                Air            0%         N/A       83%         3
 Leda's Liquefaction      Hex/Erth       0%         N/A       99%         4
 Petrify                  Tmut/Erth      0%         N/A       99%         4
 Metabolic Englaciation   Hex/Ice        0%         N/A       100%        5
 Statue Form              Tmut/Erth      0%         N/A       100%        6
 Lehudib's Crystal Spear  Conj/Erth      0%         10d2      100%        8


Dungeon Overview and Level Annotations

Branches:
Dungeon (7/15)             Temple (1/1) D:7

Altars:
Cheibriados
Dithmenos
Elyvilon
Fedhas
Gozag
Kikubaaqudgha
Makhleb
Nemelex Xobeh
Okawaru
Qazlal
Uskayaw
Vehumet
Wu Jian
Xom
Yredelemnul
Zin
The Shining One

Shops:
D:5 :

Annotations:
D:4 3 runed translucent doors, pkoi's ghost, amateur DgGl


Innate Abilities, Weirdness & Mutations

You are too large for most types of armour.
You have claws for hands.
Your natural rate of healing is unusually fast.
You are covered in fur. (AC +1)
You have tough skin. (AC +1)


Message History

You completely miss the killer bee.
The killer bee is severely wounded.
You feel very sick. The killer bee stings you.
The killer bee barely misses you.
The killer bee stings you but does no damage.
The killer bee stings you.
* * * LOW HITPOINT WARNING * * *
You closely miss the killer bee.
The killer bee is severely wounded.
You feel sick. The killer bee closely misses you. The killer bee stings you.
* * * LOW HITPOINT WARNING * * *
You are more poisoned.
The killer bee poisons you!
The killer bee stings you but does no damage. x2
You hit the killer bee but do no damage.
The killer bee is severely wounded.
You feel very sick. The killer bee barely misses you.
The killer bee stings you but does no damage.
The killer bee closely misses you. The killer bee misses you.
You miss the killer bee.
The killer bee is severely wounded.
You feel very sick. The killer bee stings you!
* * * LOW HITPOINT WARNING * * *
The killer bee misses you. The killer bee barely misses you.
The killer bee stings you but does no damage.
You closely miss the killer bee.
The killer bee is severely wounded.
You feel very sick. The killer bee barely misses you.
The killer bee stings you.
* * * LOW HITPOINT WARNING * * *
The killer bee stings you but does no damage.
The killer bee barely misses you.
Okay, then.
As you read the scroll of teleportation, it crumbles to dust.
You feel strangely unstable.
* * * LOW HITPOINT WARNING * * *
You feel sick. The killer bee closely misses you. The killer bee stings you.
You die...

≈≈≈≈≈≈≈≈≈.....P.###....._...###.
≈≈≈≈≈≈≈≈.......##..._.........##
≈≈≈≈≈≈≈≈.......#.._........_...'
≈≈≈≈≈≈≈≈♣......#.....⌠._.......'
≈≈≈≈≈≈≈≈......P#.._........_...'
≈≈≈≈≈≈≈≈.......##..._.........##
≈≈≈≈≈≈≈≈≈≈P.....###....._...###.
≈≈≈≈≈≈≈≈≈≈≈.....yP###.....###...
≈≈≈≈≈≈≈≈≈≈≈P..y@....#######.....
≈≈≈≈≈≈≈≈≈≈≈≈....♣...............
≈≈≈≈≈≈≈≈≈≈≈≈≈≈..................
≈≈≈≈≈≈≈≈≈≈≈≈≈≈≈.................
≈≈≈≈≈≈≈≈≈≈≈≈≈≈≈≈≈.≈≈..≈.......≈.
≈≈≈≈≈≈≈≈≈≈≈≈≈≈≈≈≈≈≈≈≈≈≈≈≈≈≈≈≈≈≈≈
≈≈≈≈≈≈≈≈≈≈≈≈≈≈≈≈≈≈≈≈≈≈≈≈≈≈≈≈≈≈≈
≈≈≈≈≈≈≈≈≈≈≈≈≈≈≈≈≈≈≈≈≈≈≈≈≈≈≈≈≈≈
≈≈≈≈≈≈≈≈≈≈≈≈≈≈≈≈≈≈≈≈≈≈≈≈≈≈≈≈≈


You could see 2 killer bees.

Vanquished Creatures
  A two-headed ogre (D:6)
  A water moccasin (D:7)
  3 black bears
  2 ogres
  4 necrophages
  A phantom (D:6)
  A centaur (D:5)
  3 bullfrogs
  A scorpion (D:5)
  A water moccasin zombie (D:5)
  A water moccasin skeleton (D:4)
  2 howler monkeys (D:5)
  A centaur skeleton (D:5)
  3 hounds
  An orc priest (D:7)
  A jelly (D:5)
  5 iguanas
  Natasha (thrice) (D:4)
  A killer bee zombie (D:7)
  A hound zombie (D:5)
  2 hound skeletons (D:4)
  6 adders
  A shadow imp (D:6)
  A worm (D:3)
  13 orcs
  5 ball pythons
  8 bats
  8 endoplasms
  5 giant cockroaches
  4 goblins
  9 hobgoblins
  8 quokkas
  2 frilled lizards (D:2)
  7 kobolds (D:1)
  A quokka skeleton (D:3)
  8 rats
125 creatures vanquished.

Notes
Turn   | Place    | Note
-------+----------+-------------------------------------------
     0 | D:1      | issech the Troll Monk began the quest for the Orb.
     0 | D:1      | Reached XP level 1. HP: 22/22 MP: 0/0
    61 | D:1      | Found a faded altar of an unknown god.
   173 | D:1      | Reached XP level 2. HP: 29/29 MP: 1/1
   249 | D:1      | Reached skill level 3 in Maces & Flails
   615 | D:2      | Reached XP level 3. HP: 34/36 MP: 2/2
  1239 | D:3      | Reached XP level 4. HP: 44/44 MP: 3/3
  2138 | D:4      | Noticed Natasha
  2152 | D:4      | Killed Natasha
  2153 | D:4      | Reached skill level 4 in Maces & Flails
  2194 | D:4      | Reached XP level 5. HP: 52/52 MP: 4/4
  2233 | D:4      | Noticed Natasha
  2243 | D:4      | Killed Natasha
  2477 | D:4      | Found a runed translucent gate.
  2477 | D:4      | Found a runed translucent gate.
  2479 | D:4      | Found a runed translucent gate.
  2482 | D:4      | Noticed pkoi's ghost (amateur DgGl)
  2497 | D:4      | Noticed a necrophage
  2499 | D:4      | Noticed Natasha
  2512 | D:4      | Killed a necrophage
  2513 | D:4      | Reached XP level 6. HP: 61/61 MP: 5/5
  2521 | D:4      | Killed Natasha
  2613 | D:4      | Reached skill level 5 in Maces & Flails
  2702 | D:4      | Found a radiant altar of Vehumet.
  2960 | D:4      | Found an opulent altar of Gozag.
  3202 | D:5      | Entered Level 5 of the Dungeon
  3205 | D:5      | Reached XP level 7. HP: 66/67 MP: 6/6
  3209 | D:5      | Reached skill level 1 in Throwing
  3327 | D:5      | Reached skill level 6 in Maces & Flails
  3496 | D:5      | Found a white marble altar of Elyvilon.
  3496 | D:5      | Found an ornate altar of the Wu Jian Council.
  3547 | D:5      | Found Upsizoz's Book Shop.
  3634 | D:5      | Reached XP level 8. HP: 66/78 MP: 7/7
  3817 | D:5      | Found a glowing silver altar of Zin.
  4084 | D:5      | Found a blossoming altar of Fedhas.
  4347 | D:6      | Noticed a two-headed ogre
  4355 | D:6      | HP: 1/78 [two-headed ogre/+0 giant club (5)]
  4356 | D:6      | Killed a two-headed ogre
  4357 | D:6      | Reached skill level 8 in Maces & Flails
  4511 | D:6      | Found a stormy altar of Qazlal.
  4827 | D:6      | Reached XP level 9. HP: 77/85 MP: 8/8
  5014 | D:6      | Reached skill level 9 in Maces & Flails
  5286 | D:7      | Found a shadowy altar of Dithmenos.
  5359 | D:7      | Reached skill level 5 in Dodging
  5391 | D:7      | Got the Guide on Stones
  5558 | D:7      | Found a staircase to the Ecumenical Temple.
  5578 | Temple   | Entered the Ecumenical Temple
  5839 | Temple   | HP: 3/85 [killer bee (3)]
  5840 | Temple   | Slain by a killer bee

Illustrated notes

Levels and vault maps discovered:
D:1:      eino_arrival_druids_welcome, layout_basic,
          shapermc_ecumenical_altar_petra, eino_curves_03, due_unseen_surprise
D:2:      layout_rooms, minmay_tromino_i2
D:3:      minmay_general_purpose_star, layout_basic, serial_co_window_serial,
          co_window_of_opportunity_a, co_window_of_opportunity_a,
          co_window_paths_a, co_window_paths_b, co_window_paths_a,
          co_window_of_opportunity_a, co_window_of_opportunity_a,
          co_window_unsneaky_path_e, co_window_2corner, co_window_broadway_b,
          glass_columns_a, glass_columns_c, glass_columns_a, glass_columns_b,
          glass_columns_a
D:4:      layout_loops_corners, nicolae_gozag_cash_rules_everything_around_me,
          nicolae_vehumet_altar_sigil, gammafunk_ghost_necromancy, uniq_natasha
D:5:      layout_loops_ring, zin_statuary, marbit_many_paths,
          gammafunk_temple_overflow_wave, serial_shops,
          nicolae_shop_advertising_works [nicolae_subvault_shop_adworks],
          chequers_big_river, minmay_misc_feat_encased, st_stairs_8,
          minmay_misc_feat_roman, minivault_5
D:6:      mumra_celtic_spiral_tile, layout_basic,
          nicolae_qazlal_eye_of_the_storm
D:7:      layout_rooms, grunt_dithmenos_smoke, minmay_temple_entry_proselytizer
Temple:   jpeg_temple_island

Skill      XL: |  1  2  3  4  5  6  7  8  9 |
---------------+----------------------------+-----
Maces & Flails | 3 4 5 6 8 9 |  9.4
Dodging        | 3 4 5 |  5.2
Fighting       | 3 4 |  4.7
Throwing       | 1 |  1.1
Stealth        | 2 |  2.3
Shields        | |  0.3

Action                   |  1- 3 |  4- 6 |  7- 9 || total
-------------------------+-------+-------+-------++-------
Melee: Mace              |    94 |       |       ||    94
       Punch             |     1 |     1 |     1 ||     3
       Morningstar       |    47 |    95 |   128 ||   270
Throw: Stone             |     8 |    11 |       ||    19
       Large rock        |       |       |     2 ||     2
  Use: Scroll            |       |     2 |     1 ||     3
 Stab: Sleeping          |       |     3 |       ||     3
Armor: Robe              |    68 |    36 |    44 ||   148
Dodge: Dodged            |    92 |    49 |   100 ||   241
Block: Orb               |       |       |    19 ||    19
